Map: Turbo Cruise '84 LE

Players

ShoWTimE - Winner!

  • Race: Protoss Protoss
  • Spawn Location: 3:00

Nerchio

  • Race: Zerg Zerg
  • Spawn Location: 7:00

Event: 2019 WCS Summer

VOD

Have the link to the VOD?

Description

Time

  • Played on: July 12, 2019, 7:13 a.m.
  • Length: 9:28

All games in this series

Show
View Real Time Build Order
Export as new Build Order

ShoWTimE Protoss - Winner!

Build Orders: 1 Gate Expand, Archon Immortal, Archon Drop, Dark Templar Rush 

Get SALT Encoding   

  12  0:00  Probe  
  13  0:14  Probe, Pylon  
  14  0:22  Probe  
  15  0:31  Probe  
  16  0:40  Gateway  
  16  0:44  Probe  
  17  0:51  Assimilator  
  17  0:56  Probe  
  18  1:08  Probe  
  19  1:20  Probe  
  20  1:27  Cybernetics Core  
  20  1:38  Nexus  
  20  1:40  Probe  
  21  1:47  Pylon  
  21  1:52  Probe  
  22  1:55  Adept  
  22  1:56  Assimilator  
  22  2:05  Probe  
  25  2:13  Warp Gate  
  25  2:16  Adept  
  25  2:17  Probe  
  26  2:29  Probe  
  29  2:35  Twilight Council  
  29  2:41  Stalker, Probe  
  30  2:50  Probe  
  33  2:53  Probe  
  34  3:02  Probe  
  34  3:05  Probe  
  36  3:07  Robotics Facility  
  36  3:14  Probe  
  36  3:17  Probe  
  38  3:26  Probe  
  39  3:29  Probe, Gateway  
  39  3:32  Dark Shrine  
  40  3:38  Probe  
  40  3:39  Gateway  
  41  3:43  Gateway  
  41  3:44  Warp Prism  
  41  3:51  Probe x2  
  45  3:59  Pylon  
  45  4:03  Probe  
  45  4:04  Assimilator  
  45  4:07  Assimilator  
  46  4:14  Probe x2, Pylon  
  46  4:22  Probe x2  
  50  4:31  Probe x2  
  50  4:35  Pylon  
  52  4:43  Dark Templar x3  
  52  4:44  Probe  
  59  4:45  Dark Templar  
  59  4:50  Archon x2, Pylon  
  61  4:53  Observer  
  62  5:04  Probe x2  
  62  5:05  Immortal, Pylon  
  64  5:18  Charge  
  68  5:24  Probe x2, Pylon  
  70  5:29  Sentry  
  70  5:31  Sentry, Zealot x2  
  70  5:34  Immortal  
  78  5:36  Probe x2  
  80  5:43  Pylon  
  80  5:48  Probe x2  
  86  5:57  Nexus  
  86  6:06  Probe x2  
  86  6:07  Forge  
  86  6:08  Sentry x2  
  92  6:11  Pylon  
  92  6:13  Immortal  
  92  6:15  Dark Templar  
  99  6:25  Probe x2  
  100  6:37  Zealot x3  
  106  6:47  Protoss Ground Weapons Level 1  
  106  6:49  Gateway  
  106  6:51  Gateway  
  106  6:55  Immortal  
  106  6:58  Gateway  
  106  6:59  Gateway  
  110  7:12  Probe x3  
  109  7:25  Immortal  
  89  7:37  Zealot x4  
  89  7:43  Shield Battery  
  97  7:44  Shield Battery  
  97  7:46  Shield Battery  
  97  7:47  Dark Templar, Pylon  
  99  7:54  Immortal  
  99  7:55  Shield Battery  
  99  8:01  Zealot, Dark Templar x3  
  107  8:08  Zealot x3  
  101  8:22  Archon  
  101  8:23  Immortal  
  101  8:25  Zealot x2  
  101  8:28  Probe  
  101  8:29  Probe  
  101  8:30  Shield Battery  
  99  8:34  Shield Battery  
  99  8:38  Photon Cannon  
  99  8:40  Shield Battery, Dark Templar x2  
  103  8:45  Zealot x2  
  103  8:47  Archon  
  107  8:52  Shield Battery  
  107  9:00  Zealot x4  
  104  9:11  Dark Templar x2  
  104  9:16  Zealot x2  
  89  9:26  Archon  
  89  9:28  Zealot x2  
Show
View Real Time Build Order
Export as new Build Order

Nerchio Zerg 

Build Orders: Hatch First, Swarm Host 

Get SALT Encoding   

  12  0:00  Drone  
  13  0:12  Overlord  
  13  0:17  Drone  
  14  0:30  Drone x2  
  16  0:39  Drone  
  17  0:55  Hatchery  
  17  0:56  Drone  
  17  0:58  Drone  
  18  1:09  Extractor  
  17  1:14  Spawning Pool  
  17  1:18  Drone  
  17  1:21  Drone  
  18  1:27  Drone  
  19  1:37  Overlord  
  19  1:48  Drone  
  20  2:06  Queen x2  
  20  2:07  Zergling x4  
  26  2:10  Metabolic Boost  
  26  2:14  Drone  
  27  2:17  Drone  
  27  2:21  Drone  
  29  2:38  Hatchery  
  29  2:41  Zergling x2  
  29  2:45  Zergling x2  
  30  2:53  Zergling x2  
  30  2:57  Zergling x2  
  31  3:00  Drone x3  
  34  3:05  Overlord  
  34  3:15  Drone x2  
  34  3:16  Lair  
  35  3:24  Drone  
  35  3:26  Drone  
  37  3:32  Drone  
  37  3:33  Roach Warren  
  37  3:36  Drone  
  38  3:45  Overlord  
  38  3:49  Overlord  
  38  3:52  Drone  
  38  3:54  Drone  
  40  3:59  Drone  
  40  4:00  Extractor  
  40  4:02  Drone  
  41  4:03  Drone x2  
  41  4:04  Drone  
  41  4:05  Drone  
  41  4:06  Drone x2  
  47  4:14  Drone x2, Overseer  
  49  4:20  Overlord  
  49  4:22  Extractor  
  49  4:23  Roach  
  49  4:24  Roach  
  52  4:30  Roach  
  54  4:33  Glial Reconstitution  
  54  4:35  Queen  
  56  4:40  Roach  
  56  4:41  Roach  
  56  4:43  Roach  
  62  4:48  Overlord  
  62  4:49  Drone  
  62  4:50  Drone  
  65  4:52  Drone  
  65  4:54  Extractor  
  65  4:55  Drone  
  65  4:57  Drone  
  66  5:03  Overlord  
  66  5:09  Queen  
  64  5:16  Drone  
  64  5:17  Drone x5  
  64  5:18  Drone  
  64  5:20  Drone  
  70  5:22  Drone  
  71  5:31  Roach x3  
  71  5:34  Overlord  
  77  5:40  Roach  
  77  5:41  Roach  
  80  5:45  Overlord  
  80  6:00  Infestation Pit  
  80  6:01  Roach  
  80  6:02  Roach  
  80  6:03  Roach x3  
  80  6:04  Overlord x2  
  89  6:16  Overlord x2  
  89  6:24  Queen  
  91  6:36  Swarm Host  
  91  6:37  Swarm Host x6  
  112  6:40  Swarm Host  
  112  6:41  Swarm Host  
  118  6:47  Overlord x2  
  118  6:52  Roach  
  118  6:53  Roach  
  121  6:55  Ravager x3  
  121  6:59  Overlord  
  124  7:12  Roach x6  
  136  7:20  Roach  
  136  7:22  Roach x2  
  126  7:30  Roach  
  126  7:31  Roach x2  
  126  7:33  Roach x3  
  126  7:34  Roach  
  126  7:36  Roach  
  138  7:44  Roach x3  
  138  7:46  Roach  
  144  7:53  Ravager  
  144  7:55  Roach x2  
  149  8:05  Roach x2  
  153  8:16  Roach x2  
  153  8:19  Overseer x2  
  150  8:20  Roach x2  
  150  8:26  Roach x3  
  149  8:27  Roach  
  149  8:32  Roach  
  149  8:33  Roach  
  150  8:38  Roach x2  
  150  8:41  Overlord  
  152  8:45  Roach x2  
  152  8:47  Roach  
  154  8:49  Overlord  
  147  8:55  Roach  
  147  8:57  Roach  
  147  8:58  Roach  
  146  9:03  Roach  
  146  9:08  Roach x2  
Tags
 
Add a new tag
Caveats
  • Supply blocks, unpowered buildings, or Contaminate may cause inaccurate times.
  • Supply counts are checked every 10 seconds.